 Dungeon Crawl Stone Soup version 0.29.1-1-gd02db6906a (webtiles) character file.

Game seed: 4187294343725857282

8962 hawla the Eclecticist (level 11, -5/123 HPs)
             Began as a Meteoran Fire Elementalist on Oct 4, 2022.
             Slain by a six-headed hydra (8 damage)
             ... on level 1 of the Lair of Beasts on Oct 5, 2022.
             The game lasted 00:36:34 (5471 turns).

hawla the Eclecticist (Meteoran Fire Elementalist)  Turns: 5471, Time: 00:36:35

Health: -5/123     AC:  7    Str: 13    XL:     11   Next: 97%
Magic:  27/31      EV: 15    Int: 26    God:
Gold:   389        SH:  0    Dex: 15    Spells: 34/41 levels left

rFire   . . .      SeeInvis .   o - +1 short sword "Limaza" {flame, Str+4 Int+4}
rCold   + . .      Faith    .   (no shield)
rNeg    . . .      Spirit   .   a - +1 robe
rPois   .          Reflect  .   m - +1 helmet
rElec   .          Harm     .   (no cloak)
rCorr   .          Rampage  .   f - +0 pair of gloves
Will    +....                   g - +0 pair of boots
Stlth   ..........              (no amulet)
HPRegen 0.30/turn               b - ring of protection from cold
MPRegen 0.22/turn               c - ring of flight

@: berserking, flying, glowing, studying 2 skills, very quick
A: sense surroundings 2, otherworldly, glowing, explore regen
a: no special abilities


You were on level 1 of the Lair of Beasts.
You visited 3 branches of the dungeon, and saw 11 of its levels.
You also visited: Sewer.

You collected 389 gold pieces.

Inventory:

Hand Weapons
 n - a +0 long sword of holy wrath
 o - the +1 short sword "Limaza" (weapon) {flame, Str+4 Int+4}
   (You found it on level 4 of the Dungeon)

   It burns those it strikes, dealing additional fire damage.
   Str:       It affects your strength (+4).
   Int:       It affects your intelligence (+4).
Missiles
 x - 2 poisoned darts
Armour
 a - a +1 robe (worn)
 f - a +0 pair of gloves (worn)
 g - a +0 pair of boots (worn)
 m - a +1 helmet (worn)
Jewellery
 b - a ring of protection from cold (left hand)
 c - a ring of flight (right hand)
 d - an amulet of the acrobat
 h - a ring of resist corrosion
Wands
 j - a wand of charming (9)
 l - a wand of polymorph (8)
 p - a wand of iceblast (11)
Scrolls
 k - a scroll of identify
 s - a scroll of silence
 u - a scroll of teleportation
Potions
 e - a potion of invisibility
 q - 2 potions of cancellation


   Skills:
 + Level 3.5 Fighting
 + Level 1.1 Short Blades
 + Level 6.1 Dodging
 - Level 1.4 Stealth
 + Level 15.7 Spellcasting
 + Level 7.3 Conjurations
 + Level 13.1 Fire Magic
 + Level 0.7 Evocations


You had 34 spell levels left.
You knew the following spells:

 Your Spells              Type           Power      Damage    Failure   Level
a - Foxfire               Conj/Fire      100%       2x1d9     1%          1
b - Scorch                Fire           100%       2d10      1%          2
c - Flame Wave            Conj/Fire      65%        2d15      1%          4

Your spell library contained the following spells:

 Spells                   Type           Power      Damage    Failure   Level
 Conjure Flame            Conj/Fire      65%        6-21      1%          3
 Inner Flame              Hex/Fire       53%        N/A       1%          3
 Slow                     Hex            80%        N/A       2%          1
 Confusing Touch          Hex            20%        N/A       8%          3
 Vampiric Draining        Necr           20%        2d7       8%          3
 Yara's Violent Unravell  Hex/Tmut       10%        3d6       56%         5
 Enfeeble                 Hex            10%        N/A       100%        7
 Chain Lightning          Conj/Air       19%        3d26      100%        9
 Fire Storm               Conj/Fire      32%        8d8       100%        9
 Shatter                  Erth           10%        3d11*     100%        9


Dungeon Overview and Level Annotations

Branches:
Dungeon (9/15) Zot: 514    Temple (1/1) D:5 Zot: 528    Lair (1/5) D:9 Zot: 592
  Sewer (visited)
    Orc: D:9-12

Altars:
Ashenzari
Cheibriados
Dithmenos
Fedhas
Gozag
Hepliaklqana
Makhleb
Okawaru
Qazlal
Ru
Sif Muna
Trog
Uskayaw
Wu Jian
Xom
Zin


Innate Abilities, Weirdness & Mutations

You passively map the area around you.
You are easily found by Zot.
You glow in the dark.
You regain HP and MP as you explore.


Message History

The six-headed hydra bites you.
Casting: Scorch (safe; 1% risk of failure)
Confirm with . or Enter, or press ? or * to list all spells.
Casting: Flame Wave (safe; 1% risk of failure)
Press: ? - help, Dir - look around, f - activate A wave of flame ripples out!
The flame wave engulfs the six-headed hydra!
The six-headed hydra is lightly wounded. (Press . to intensify the flame waves.)
You hear an angry hiss. x2
The six-headed hydra bites you.
The six-headed hydra completely misses you.
The six-headed hydra bites you! x2
The six-headed hydra bites you but does no damage.
The six-headed hydra barely misses you.
A wave of flame ripples out!
The flame wave engulfs the six-headed hydra!!
The six-headed hydra is heavily wounded.
The six-headed hydra misses you. The six-headed hydra bites you!
The six-headed hydra bites you.
* * * LOW HITPOINT WARNING * * *
The six-headed hydra closely misses you.
The six-headed hydra barely misses you. The six-headed hydra bites you!
* * * LOW HITPOINT WARNING * * *
As you read the scroll labelled CETWEM KEROO, it crumbles to dust.
Your body is wracked with pain!
* * * LOW HITPOINT WARNING * * *
The six-headed hydra convulses!
It was a scroll of torment.
The six-headed hydra bites you.
* * * LOW HITPOINT WARNING * * *
The six-headed hydra barely misses you. The six-headed hydra misses you.
The six-headed hydra bites you.
* * * LOW HITPOINT WARNING * * *
The six-headed hydra barely misses you.
The six-headed hydra bites you but does no damage.
A red film seems to cover your vision as you go berserk!
You feel yourself moving faster!
You feel mighty!
A water moccasin comes into view.
The six-headed hydra misses you. The six-headed hydra bites you!
You die...

, , , , , ,, * .
#........ , * ##.
##........ ~ ~~ ,
##..##..^...... ~
,, , ,
.............88 ~
~
,...............,,
, ,
,.S............. ,
, ,.............88
~ ~ , , ,,
.......@......~ ~
, , ,
P#..#..D......~ ,,
, , ....#.......~
,,,, , ,
.............~~ ,
, , * ,, .....
#......~≈~ ,
.....,.......~≈ ~
, , * ,, ....
#......~≈ , ...>
#.....~~≈~ , ,* ,,
,,* , ~ ~


You could see a six-headed hydra and a water moccasin.

Vanquished Creatures
  The ghost of hikkokomori the Geomancer, a novice GrEE of Ru (D:5)
  A gargoyle (D:5)
  A hornet (D:8)
  Grinder (D:5)
  A wraith (D:9)
  Sigmund (D:2)
  A wyvern (D:8)
  14 yaks
  A steam dragon (D:8)
  3 water moccasins (D:9)
  An orc warrior (D:5)
  2 sky beasts (D:8)
  3 ice beasts
  4 black bears
  An ogre (D:5)
  3 phantoms
  3 bullfrogs
  10 kobold brigands (Sewer)
  Blork the orc (D:6)
  4 gnoll sergeants
  4 scorpions
  20 wights
  7 killer bees
  The ghost of Wentworth the Insei, a weakling GnTm (D:3)
  5 hounds
  2 jellies
  2 gnoll boudas
  An iguana (D:3)
  6 orc wizards
  2 howler monkey zombies (D:3)
  A howler monkey skeleton (D:3)
  19 gnolls
  10 adders
  A river rat (Sewer)
  An ufetubus (D:5)
  4 worms
  3 dart slugs
  15 orcs
  6 ball pythons
  6 endoplasms
  14 giant cockroaches
  6 goblins
  5 hobgoblins
  15 jackals
  8 kobolds
  2 quokkas
  7 bats
  2 frilled lizards
  3 rats
235 creatures vanquished.

Vanquished Creatures (collateral kills)
  A scorpion (D:9)
  An orc wizard (D:9)
  3 gnolls (D:9)
  A ball python (D:4)
  5 foxfires
11 creatures vanquished.

Vanquished Creatures (others)
  304 foxfires
  18 fungi (D:9)
  29 plants
351 creatures vanquished.

Grand Total: 597 creatures vanquished

Notes
Turn   | Place    | Note
-------+----------+-------------------------------------------
     0 | D:1      | hawla the Meteoran Fire Elementalist began the quest for
                  | the Orb.
     0 | D:1      | Reached XP level 1. HP: 14/14 MP: 5/5
   124 | D:1      | Reached XP level 2. HP: 20/20 MP: 4/6
   127 | D:1      | Learned a level 2 spell: Scorch
   262 | D:1      | Reached XP level 3. HP: 22/26 MP: 1/8
   279 | D:1      | Found a faded altar of an unknown god.
   455 | D:1      | Reached skill level 3 in Spellcasting
   497 | D:1      | Glimpsed the power of Zot.
   598 | D:2      | Reached XP level 4. HP: 25/33 MP: 2/9
   860 | D:2      | Noticed Sigmund
   864 | D:2      | Killed Sigmund
   865 | D:2      | Reached skill level 1 in Fighting
   865 | D:2      | Reached skill level 4 in Spellcasting
   865 | D:2      | Reached skill level 5 in Fire Magic
   865 | D:2      | Reached XP level 5. HP: 40/40 MP: 5/13
   865 | D:2      | Reached XP level 6. HP: 47/47 MP: 5/14
  1098 | D:2      | Glimpsed the power of Zot.
  1150 | D:3      | Found a runed translucent gate.
  1152 | D:3      | Found a runed translucent gate.
  1153 | D:3      | Found a runed translucent gate.
  1155 | D:3      | Noticed Wentworth's ghost (weakling GnTm)
  1298 | D:3      | Reached skill level 5 in Spellcasting
  1342 | D:3      | Reached XP level 7. HP: 52/52 MP: 9/15
  1590 | D:3      | Killed Wentworth's ghost
  1917 | D:4      | Identified the +1 short sword "Limaza" {flame, Str+4 Int+4}
  2069 | D:4      | Found a sacrificial altar of Ru.
  2076 | D:4      | Found a blossoming altar of Fedhas.
  2080 | D:4      | Found an opulent altar of Gozag.
  2198 | D:4      | Reached XP level 8. HP: 57/59 MP: 8/17
  2203 | D:4      | Learned a level 4 spell: Flame Wave
  2298 | D:4      | Glimpsed the power of Zot.
  2333 | D:5      | Entered Level 5 of the Dungeon
  2343 | D:5      | Reached skill level 6 in Spellcasting
  2373 | D:5      | Found a glowing drain.
  2386 | Sewer    | Entered a sewer
  2516 | Sewer    | Reached skill level 7 in Spellcasting
  2656 | Sewer    | Gained mutation: You passively map the area around you.
                  | [Meteoran growth]
  2656 | Sewer    | Reached XP level 9. HP: 56/64 MP: 14/21
  2673 | Sewer    | Reached skill level 8 in Spellcasting
  2886 | Sewer    | Glimpsed the power of Zot.
  2980 | D:5      | Identified the +3 ring mail "Xeczist" {rElec rPois Dex-3}
  3003 | D:5      | Found a staircase to the Ecumenical Temple.
  3017 | D:5      | Reached skill level 9 in Spellcasting
  3017 | D:5      | Reached skill level 10 in Fire Magic
  3020 | D:5      | Reached skill level 5 in Conjurations
  3020 | D:5      | Reached XP level 10. HP: 25/72 MP: 7/24
  3021 | Temple   | Entered the Ecumenical Temple
  3097 | D:5      | Found a transporter.
  3109 | D:5      | Noticed hikkokomori's ghost (novice GrEE)
  3160 | D:5      | Found a transporter.
  3204 | D:5      | Killed hikkokomori's ghost
  3205 | D:5      | Reached skill level 10 in Spellcasting
  3459 | D:5      | Reached skill level 5 in Dodging
  3477 | D:5      | Reached skill level 11 in Spellcasting
  3483 | D:5      | Glimpsed the power of Zot.
  3532 | D:6      | Noticed Blork the orc
  3707 | D:5      | Noticed a gargoyle
  3708 | D:5      | Noticed Grinder
  3713 | D:5      | Killed a gargoyle
  3714 | D:5      | Reached skill level 12 in Spellcasting
  3719 | D:5      | Paralysed by something for 5 turns
  3725 | D:5      | Killed Grinder
  4042 | D:6      | Killed Blork the orc
  4082 | D:6      | Glimpsed the power of Zot.
  4117 | D:7      | Reached skill level 13 in Spellcasting
  4117 | D:7      | Reached XP level 11. HP: 72/80 MP: 9/29
  4681 | D:7      | Glimpsed the power of Zot.
  4731 | D:7      | Glimpsed the power of Zot.
  4747 | D:8      | Reached skill level 14 in Spellcasting
  4989 | D:8      | Reached skill level 1 in Short Blades
  4993 | D:8      | Paralysed by a hornet for 3 turns
  4998 | D:8      | Reached skill level 15 in Spellcasting
  5211 | D:9      | Found a staircase to the Lair.
  5461 | D:9      | Noticed a two-headed ogre
  5464 | Lair:1   | Entered Level 1 of the Lair of Beasts
  5464 | Lair:1   | Noticed a six-headed hydra
  5470 | Lair:1   | HP: 2/82 [six-headed hydra (3)]
  5471 | Lair:1   | Slain by a six-headed hydra

Illustrated notes

Levels and vault maps discovered:
D:1:      psy_arrival_statuary, layout_basic,
          hellmonk_ecumenical_altar_pennies_from_heaven,
          corexii_item_surrounded_by_moat
D:2:      layout_loops_ring, uniq_sigmund
D:3:      minmay_roachtagon, layout_rooms, gammafunk_ghost_necromancy
D:4:      layout_basic, grunt_temple_overflow_diamond
D:5:      layout_cave_pods, minmay_temple_entry_drinking_statues,
          gammafunk_ghost_gnarly_gnolls, cheibrodos_sewer_entry_drain,
          chequers_serial_rivers_micro_a, minmay_manual_monstrance, uniq_grinder
D:6:      layout_cave_pools, serial_co_window_serial,
          co_window_of_opportunity_a, co_window_corner_a, co_window_paths_a,
          co_window_of_opportunity_a, co_window_paths_a, co_window_2corner,
          co_window_unsneaky_path_c, co_window_cross_2,
          co_window_of_opportunity_b, co_window_2corner, co_window_paths_d,
          co_window_4corner_b, glass_columns_a, glass_columns_a,
          glass_columns_a, ebering_dispersal_statue_hall,
          hangedman_decor_diamond_cutter, nicolae_shop_firing_range,
          uniq_blork_the_orc
D:7:      layout_layer_cave
D:8:      layout_gridville, hangedman_misty_isle
D:9:      layout_basic, nicolae_overflow_hallway_of_the_gods,
          due_lair_maze_entry_diamond
Temple:   nicolae_temple_god_jail
Lair:1:   wander_river, layout_regular_city, chequers_serial_rivers_marsh

Skill      XL: |  1  2  3  4  5  6  7  8  9 10 11 |
---------------+----------------------------------+-----
Fire Magic     | 4 5 6 7 8 10 11 13 | 13.1
Spellcasting   | 3 4 5 7 9 13 15 | 15.7
Dodging        | 3 4 5 6 |  6.1
Fighting       | 1 2 3 |  3.5
Conjurations   | 2 3 5 6 7 |  7.3
Short Blades   | 1 |  1.1
Stealth        | |  1.4
Evocations     | |  0.7

Action                   |  1- 3 |  4- 6 |  7- 9 | 10-12 || total
-------------------------+-------+-------+-------+-------++-------
Melee: Unarmed           |    18 |    30 |     5 |       ||    53
       Punch             |     1 |     1 |       |       ||     2
       Short sword       |       |       |       |    35 ||    35
 Cast: Foxfire           |    24 |    33 |    71 |    67 ||   195
       Scorch            |    13 |    26 |    38 |    52 ||   129
       Flame Wave        |       |       |     2 |    33 ||    35
Evoke: Wand              |       |       |       |     3 ||     3
  Use: Scroll            |     5 |     1 |     7 |     5 ||    18
       Potion            |       |     1 |     4 |    13 ||    18
Armor: Robe              |    10 |    24 |    16 |    40 ||    90
Dodge: Dodged            |    23 |    53 |    26 |    81 ||   183
